 Dungeon Crawl Stone Soup version 0.15-a0-1403-g2cecdf4 (console) character file.

135 Kellhus the Ruinous (level 4, -6/33 HPs)
             Began as a Draconian Wizard on June 11, 2014.
             Mangled by an ice beast (12 damage)
             ... on Level 3 of the Dungeon.
             The game lasted 00:04:58 (3803 turns).

Kellhus the Ruinous (Draconian Wizard)              Turns: 3803, Time: 00:04:58

HP  -6/33        AC  5     Str  9      XL: 4   Next: 97%
MP   8/9         EV 12     Int 19      God:
Gold 77          SH  0     Dex 10      Spells:  1 memorised,  8 levels left

rFire  . . .     SeeInvis .     g - +2 dagger (drain)
rCold  . . .     Clarity  +     (armour unavailable)
rNeg   . . .     rCorr    .     (no shield)
rPois  .         rRot     .     b - +0 hat
rElec  .         Spirit   .     (no cloak)
SustAb .         Warding  .     (no gloves)
rMut   .         Stasis   .     (no boots)
Gourm  .                        e - amulet of clarity
MR     .....                    (no ring)
                                (no ring)

@: slowed, very slow, not resistant to hostile enchantments, unstealthy
A: unfitting armour, cold-blooded, AC +5
a: no special abilities


You were on level 3 of the Dungeon.
You were hungry.

You visited 1 branch of the dungeon, and saw 3 of its levels.

You collected 77 gold pieces.

Inventory:

Hand weapons
 g - a +2,+2 dagger of draining (weapon)
Armour
 b - a +0 hat (worn)
Comestibles
 d - 3 bread rations
 f - a beef jerky
Scrolls
 a - a scroll of remove curse {unknown}
 i - a scroll of magic mapping {unknown}
Jewellery
 e - an amulet of clarity (around neck)
Potions
 h - a potion of curing {unknown}
 j - a potion of restore abilities {unknown}
 k - a potion of poison {unknown}
Books
 c - a book of Minor Magic

   Spells                             Type                      Level
   *Magic Dart                        Conjuration                  1
   Blink                              Translocation                2
   Call Imp                           Summoning                    2
   Repel Missiles                     Charms/Air                   2
   Slow                               Hexes                        2
   Conjure Flame                      Conjuration/Fire             3
   Mephitic Cloud                     Conjuration/Poison/Air       3


   Skills:
 - Level 1.7 Dodging
 - Level 1.7 Stealth
 - Level 3.0 Spellcasting
 + Level 4.8 Conjurations
   Level 1.0 Summonings
   Level 1.0 Translocations


You had 8 spell levels left.
You knew the following spells:

 Your Spells              Type           Power        Failure   Level  Hunger
a - Magic Dart            Conj           ###.         1%          1    None


Dungeon Overview and Level Annotations

Branches:
Dungeon (3/15)

Altars:
Kikubaaqudgha


Innate Abilities, Weirdness & Mutations

Your plain brown scales are hard (AC +5).
Your body does not fit into most forms of armour.
Your cold-blooded metabolism reacts poorly to cold.


Message History

The ice beast is lightly wounded.
The ice beast hits you but does no damage. x2
You hit the ice beast.
You tail-slap the ice beast, but do no damage.
The ice beast is lightly wounded.
You feel yourself speed up. The ice beast hits you. The ice beast freezes you.
* * * LOW HITPOINT WARNING * * *
You are too injured to fight recklessly!
You are too injured to fight recklessly!
You are too injured to fight recklessly!
You hit the ice beast.
The ice beast is moderately wounded.
The ice beast closely misses you.
You completely miss the ice beast.
The ice beast is moderately wounded.
The ice beast hits you.
* * * LOW HITPOINT WARNING * * *
The ice beast freezes you!
You feel yourself slow down.
You die...

#............# #########
#............####........
#............#....#######
#########>...........#...........
......)..........................
####...###.......................
#...# #.............##.#######
#...# #######[#.....##.# #
#...#########@########.#######
#...........#Y########.##.....
#...........#.#........##.####
#...........#.#.#########.#...
+.......).....#...# #....#
#...........#####.############
#...........'.................
#...........#####.############
#...........# #.# ###


You could see an ice beast.

Vanquished Creatures
  Jessica (D:2)
  Ijyb (D:2)
  A hound zombie (D:3)
  A giant mite (D:3)
  A worm (D:2)
  2 giant geckos
  5 orcs (D:3)
  4 ball pythons
  11 hobgoblins
  12 kobolds
  7 bats
  2 giant cockroaches
  3 giant newts (D:2)
  9 goblins
  2 oozes (D:1)
  A quokka (D:2)
  4 rats
67 creatures vanquished.

Notes
Turn   | Place    | Note
--------------------------------------------------------------
     0 | D:1      | Kellhus, the Draconian Wizard, began the quest for the Orb.
     0 | D:1      | Reached XP level 1. HP: 14/14 MP: 4/4
   376 | D:1      | Reached XP level 2. HP: 20/20 MP: 4/6
  1015 | D:1      | Reached XP level 3. HP: 26/26 MP: 2/7
  1540 | D:2      | Noticed Ijyb
  1553 | D:2      | Killed Ijyb
  1658 | D:2      | Found an ancient bone altar of Kikubaaqudgha.
  1668 | D:2      | Noticed Jessica
  1680 | D:2      | Killed Jessica
  1680 | D:2      | Reached skill level 4 in Conjurations
  1680 | D:2      | Reached XP level 4. HP: 31/33 MP: 1/9
  3323 | D:3      | Noticed an ice beast
  3339 | D:3      | HP: 1/33 [giant newt (2)]
  3803 | D:3      | Mangled by an ice beast

Action                   |  1- 3 |  4- 6 || total
-------------------------+-------+-------++-------
Melee: Unarmed           |     7 |       ||     7
       Dagger            |    20 |     7 ||    27
 Cast: Magic Dart        |   101 |    84 ||   185
